 Dungeon Crawl Stone Soup version 0.30-a0-824-g6c64550be9 (webtiles) character file.

Game seed: 10721624855665546630

17 MachoJfn the Sneak (level 2, -2/18 HPs)
             Began as a Kobold Brigand on Feb 26, 2023.
             Slain by Natasha (7 damage)
             ... on level 2 of the Dungeon on Feb 27, 2023.
             The game lasted 00:03:55 (787 turns).

MachoJfn the Sneak (Kobold Brigand)                  Turns: 787, Time: 00:03:55

Health: -2/18      AC:  3    Str:  8    XL:     2   Next: 80%
Magic:  2/2        EV: 14    Int: 12    God:
Gold:   34         SH:  0    Dex: 16    Spells: 1/1 levels left

rFire   . . .      SeeInvis .    a - +3 dagger
rCold   . . .      Faith    .    (no shield)
rNeg    . . .      Spirit   .    b - +0 robe
rPois   .          Reflect  .    (no helmet)
rElec   .          Harm     .    c - +0 cloak
rCorr   .          Rampage  .    (no gloves)
Will    .....                    (no boots)
Stlth   ++++                     (no amulet)
HPRegen 0.23/turn                (no ring)
MPRegen 0.08/turn                (no ring)

@: slowed, very slow
A: small, no large weapons, nightstalker 3
a: no special abilities


You were on level 2 of the Dungeon.
You visited 1 branch of the dungeon, and saw 2 of its levels.

You collected 34 gold pieces.

Inventory:

Hand Weapons
 a - a +3 dagger (weapon)
Missiles
 d - 9 poisoned darts (quivered)
 e - 3 curare-tipped darts
Armour
 b - a +0 robe (worn)
 c - a +0 cloak (worn)
Scrolls
 j - a scroll of enchant armour {unknown}
 k - a scroll of enchant weapon
Potions
 f - a potion of attraction {unknown}
 g - a potion of lignification {unknown}
 h - 2 potions of resistance
 i - a potion of brilliance {unknown}
 m - 2 potions of curing
 p - a potion of degeneration {unknown}


   Skills:
 + Level 2.5 Fighting
 + Level 2.8 Short Blades
 + Level 2.3 Throwing
 + Level 1.4 Dodging
 + Level 5.9 Stealth


You had one spell level left.
You didn't know any spells.
Your spell library contained the following spells:

 Spells                   Type           Power      Damage    Failure   Level
 Hailstorm                Conj/Ice       0%         3d3       69%         3
 Ice Form                 Ice/Tmut       0%         N/A       97%         4
 Simulacrum               Ice/Necr       0%         N/A       100%        6


Dungeon Overview and Level Annotations

Branches:
Dungeon (2/15)

Altars:

Shops:
D:1 (

Annotations:
D:2 Natasha


Innate Abilities, Weirdness & Mutations

You are small and have problems with some larger weapons.
You are completely attuned to the shadows.


Message History

There is a stone staircase leading down here.
You climb downwards.
Found a stone staircase leading down.
There is a stone staircase leading up here.
A goblin comes into view. It is wielding a +0 club.
The goblin shouts!
The goblin hits you but does no damage.
You hit the goblin.
The goblin is severely wounded.
You hit the goblin but do no damage.
The goblin is severely wounded.
The goblin completely misses you.
You hit the goblin.
You kill the goblin!
Things that are here:
a +0 club; a goblin corpse
j - a scroll labelled VOSODDA QEKUCS
Found 2 stones.
k - a scroll of enchant weapon
There are no items here.
You see here 2 stones.
You see here 2 stones.
Found a stone staircase leading up.
Natasha, Servant of Life and Death comes into view.
Found a dagger.
Natasha hisses angrily.
Natasha howls an incantation.
You feel disoriented. Natasha claws you.
You miss Natasha.
Natasha stares at you and mumbles some strange words.
You feel yourself slow down.
You barely miss Natasha. Natasha claws you!
Ouch! That really hurt!
* * * LOW HITPOINT WARNING * * *
You barely miss Natasha.
Natasha casts a spell.
Natasha claws you but does no damage.
You barely miss Natasha. Your punch misses Natasha. Natasha claws you!
You die...

..).....#
#........#
#........# ####
.....h5.# #..#
##<#@# #..#
###....#
###..####.....##
##..(..##...####
#..###......#
#.## #......#
#.# #.##...#
#.####.##...#
#.##........#


You could see Natasha and a shadow imp (summoned).

Vanquished Creatures
  A dart slug (D:1)
  A bat (D:1)
  2 endoplasms (D:1)
  3 goblins
  2 hobgoblins (D:1)
  2 ball pythons (D:1)
  A frilled lizard (D:1)
  A rat (D:1)
13 creatures vanquished.

Notes
Turn   | Place    | Note
-------+----------+-------------------------------------------
     0 | D:1      | MachoJfn the Kobold Brigand began the quest for the Orb.
     0 | D:1      | Reached XP level 1. HP: 12/12 MP: 1/1
     0 | D:1      | Upgraded the game from 0.30-a0-808-g6e0788376e to
                  | 0.30-a0-824-g6c64550be9
   203 | D:1      | Reached XP level 2. HP: 18/18 MP: 2/2
   496 | D:1      | Found Gustofa's Weapon Emporium.
   780 | D:2      | Noticed Natasha
   787 | D:2      | Slain by Natasha

Illustrated notes

Levels and vault maps discovered:
D:1:      saegor_arrival_under_anarchy, layout_basic, serial_shops, shop
D:2:      layout_rooms, basic_altar, chequers_serial_rivers_micro_a,
          uniq_jessica, uniq_natasha

Action                     || total
---------------------------++-------
  Melee: Dagger            ||    30
    Use: Scroll            ||     5
         Potion            ||     2
   Stab: Sleeping          ||     7
 Armour: Robe              ||     7
  Dodge: Dodged            ||    17

Table legend: (Time is in decaauts)
 A = Elapsed time spent in this place.
 B = Non-inter-level travel time spent in this place.
 C = Inter-level travel time spent in this place.
 D = Time resting spent in this place.
 E = Time spent auto-exploring this place.
 F = Levels seen in this place.
 G = Mean time per level.
                   A        B        C        D        E       F      G
               +--------+--------+--------+--------+--------+-----+--------+
         Total |    784 |    618 |    166 |     34 |    478 |   2 |  392.0 |
       Dungeon |    784 |    618 |    166 |     34 |    478 |   2 |  392.0 |
               +--------+--------+--------+--------+--------+-----+--------+

Top non-repeatable levels by time:
     D:1: 711 daAuts
     D:2: 73 daAuts
